 Dungeon Crawl Stone Soup version 0.24-a0-163-g64c5a76fe2 (webtiles) character file.

Game seed: 8873120690725791921

34933 MrRokkomies the Prestidigitator (level 13, -8/65 HPs)
             Began as a Spriggan Enchanter on Mar 6, 2019.
             Was a High Priest of Kikubaaqudgha.
             Mangled by a lindwurm (10 damage)
             ... on level 6 of the Lair of Beasts.
             The game lasted 01:00:17 (21296 turns).

MrRokkomies the Prestidigitator (SpEn)             Turns: 21296, Time: 01:00:19

Health: -8/65      AC:  5    Str:  6    XL:     13   Next: 44%
Magic:  6/26       EV: 28    Int: 18    God:    Kikubaaqudgha [*****.]
Gold:   1757       SH:  9    Dex: 22    Spells: 2/28 levels left

rFire    + . .     SeeInvis +   a - +8 quick blade of the Brain {flame, rElec Dex+4}
rCold    x . .     Gourm    .   Q - +0 buckler
rNeg     + . .     Faith    .   S - +2 robe {rN+}
rPois    .         Spirit   .   (helmet restricted)
rElec    +         Reflect  .   M - +0 cloak {+Inv}
rCorr    .         Harm     .   (gloves unavailable)
MR       ++...                  (boots unavailable)
Stlth    +++.......             p - amulet of the acrobat
HPRegen  0.20/turn              K - ring of wizardry
MPRegen  0.20/turn              H - ring of fire

@: very slightly contaminated, very quick
A: very small, unfitting armour, see invisible, herbivore, speed 3, slow
metabolism 2
a: Receive Corpses, Torment, Renounce Religion, Evoke Invisibility


You were on level 6 of the Lair of Beasts.
You worshipped Kikubaaqudgha.
Kikubaaqudgha was extremely pleased with you.
You were very hungry.

You visited 2 branches of the dungeon, and saw 16 of its levels.
You also visited: Sewer and Ice Cave.

You collected 1757 gold pieces.

Inventory:

Hand Weapons
 a - the +8 quick blade of the Brain (weapon) {flame, rElec Dex+4}
   (You acquired it on level 2 of the Lair of Beasts)

   It has been specially enchanted to burn those struck by it, causing extra
   injury to most foes and up to half again as much damage against particularly
   susceptible opponents.
   It affects your dexterity (+4).
   It insulates you from electricity.
 b - a +0 fustibalus
 u - a +1 short sword of venom
 G - a +4 blowgun
Missiles
 c - 561 stones (quivered)
 g - 59 poisoned needles
 v - 290 sling bullets
 O - 4 curare-tipped needles
Armour
 M - a +0 cloak of invisibility (worn)
 Q - a +0 buckler (worn)
 S - a +2 robe of positive energy (worn)
Jewellery
 l - an uncursed amulet of regeneration
 o - an uncursed ring of flight
 p - an amulet of the acrobat (around neck)
 t - an uncursed ring of protection from cold
 y - an uncursed ring of stealth
 H - a ring of fire (right hand)
 K - a ring of wizardry (left hand)
Wands
 I - a wand of flame (40)
 J - a wand of polymorph (13)
 L - a wand of random effects (13)
 N - a wand of iceblast (23)
 T - a wand of digging (9)
Scrolls
 i - 11 scrolls of teleportation
 n - 2 scrolls of enchant armour
 q - a scroll of fog
 r - 11 scrolls of remove curse
 A - 2 scrolls of immolation
 D - 8 scrolls of identify
 F - 3 scrolls of enchant weapon
 P - a scroll of holy word
 U - a scroll of amnesia
Potions
 e - 3 potions of resistance
 h - 5 potions of haste
 j - 3 potions of curing
 k - 3 potions of degeneration
 m - 4 potions of might
 s - 3 potions of magic
 w - 3 potions of cancellation
 x - 5 potions of agility
 z - a potion of lignification {unknown}
 C - 3 potions of flight
 V - a potion of mutation {unknown}
Miscellaneous
 R - a fan of gales
Comestibles
 d - 27 rations


   Skills:
 - Level 6.1 Fighting
 * Level 8.4 Short Blades
 - Level 6.0 Slings
 - Level 10.0 Dodging
 - Level 5.2 Stealth
 * Level 6.3 Shields
 - Level 8.3 Spellcasting
 - Level 10.0 Hexes
 * Level 8.0 Necromancy
 - Level 5.1 Translocations
 - Level 2.1 Ice Magic
 - Level 3.7 Air Magic
 - Level 3.0 Poison Magic
 - Level 10.5 Evocations


You had 2 spell levels left.
You knew the following spells:

 Your Spells              Type           Power        Failure   Level  Hunger
b - Ensorcelled Hibernat  Hex/Ice        ####..       1%          2    None
c - Confuse               Hex            #####...     1%          3    None
d - Tukima's Dance        Hex            #####...     1%          3    None
e - Animate Skeleton      Necr           N/A          1%          1    None
f - Blink                 Tloc           N/A          1%          2    None
g - Dazzling Spray        Conj/Hex       ####..       1%          3    None
h - Mephitic Cloud        Conj/Pois/Air  ###.....     4%          3    None
i - Pain                  Necr           ####         1%          1    None
j - Agony                 Necr           #####...     4%          5    #####..
k - Conjure Flame         Conj/Fire      ##......     12%         3    None

Your spell library contained the following spells:

 Spells                   Type           Power        Failure   Level  Hunger
 Corona                   Hex            #####..      1%          1    None
 Slow                     Hex            #####...     1%          2    None
 Sublimation of Blood     Necr           #####.....   1%          2    None
 Swiftness                Chrm/Air       ##......     2%          2    None
 Magic Dart               Conj           #...         4%          1    None
 Call Imp                 Summ           #.......     6%          2    None
 Passwall                 Tmut/Erth      #.......     6%          2    None
 Vampiric Draining        Necr           #####.....   1%          3    None
 Passage of Golubria      Tloc           N/A          4%          4    ###....
 Dispel Undead            Necr           #####...     4%          5    #####..
 Metabolic Englaciation   Hex/Ice        ####......   9%          5    #####..
 Darkness                 Hex            #####.....   10%         6    ######.
 Invisibility             Hex            #####...     10%         6    ######.
 Borgnjor's Vile Clutch   Necr/Erth      ###.......   21%         5    #####..
 Excruciating Wounds      Chrm/Necr      ###.......   21%         5    #####..
 Ice Form                 Ice/Tmut       ##......     26%         4    ###....
 Venom Bolt               Conj/Pois      ##........   47%         5    #####..
 Simulacrum               Ice/Necr       ####......   56%         6    ######.
 Bolt of Magma            Conj/Fire/Erth ##........   69%         5    #####..
 Iskenderun's Battlesphe  Conj/Chrm      #.......     69%         5    #####..
 Lee's Rapid Deconstruct  Erth           #.........   69%         5    #####..
 Ozocubu's Refrigeration  Ice            ###.......   91%         6    ######.
 Freezing Cloud           Conj/Ice/Air   ##........   92%         6    ######.
 Bolt of Cold             Conj/Ice       ##........   98%         6    ######.
 Iron Shot                Conj/Erth      #.........   99%         6    ######.
 Orb of Destruction       Conj           #.........   100%        7    #######
 Spellforged Servitor     Conj/Summ      #.........   100%        7    #######


Dungeon Overview and Level Annotations

Branches:
Dungeon (10/15)            Temple (0/1) D:7            Lair (6/6) D:8
  Swamp (0/4) Lair:2       Spider (0/4) Lair:2        Slime (0/5) Lair:6
    Orc: D:9-12

Altars:
Cheibriados
Elyvilon
Kikubaaqudgha
Vehumet
Wu Jian
Xom
Yredelemnul

Annotations:
Lair:1 exclusion: 3 oklob plants
Lair:3 1 runed translucent door, Miwiyf's ghost, journeyman DDFi


Innate Abilities, Weirdness & Mutations

You are very small and have problems with some larger weapons.
You are too small for most types of armour.
You have supernaturally acute eyesight. (SInv)
You are a herbivore.
You cover ground extremely quickly.
You need to consume almost no food.


Message History

Kikubaaqudgha accepts your kill. The lindwurm breathes flames at you.
The blast of flame hits you! You resist.
Casting: Ensorcelled Hibernation (safe; 1% risk of failure)
Confirm with . or Enter, or press ? or * to list all spells.
Aiming: Ensorcelled Hibernation (safe; 1% risk of failure)
Press: ? - help, Shift-Dir - straight line, f - lindwurm
Aim: a lindwurm (catching its breath, chance to defeat MR: 40%)
The lindwurm resists with some effort.
The lindwurm bites you!
* * * LOW HITPOINT WARNING * * *
The lindwurm claws you but does no damage.
You block the lindwurm's attack.
You feel better.
You feel yourself speed up. The lindwurm bites you!!
* * * LOW HITPOINT WARNING * * *
The lindwurm misses you. The lindwurm completely misses you.
The lindwurm barely misses you. The lindwurm claws you!
You die...
Kikubaaqudgha rasps: "You have failed me!
Welcome... death!"

** ##*######## ,*****
#.##.P.##.# ###
,,,,,** ###...†k..###
#P###
*,,,,,###...†###@...##
#..## ***#..#.....##
##....## #..P.
*#.....### ###...#
#.P.P ***#....###
##...##


#PPP# *,P....*,* ##..8#'### ##### ,,....**** #...###..## ,,.P.**** ##..###....##
*,#.,,*,* ##..## #.....# **.*,,,** #...#####....# You could see a lindwurm.

Vanquished Creatures
  Rupert (Lair:6)
  Kirke (Lair:6)
  An ice dragon (Lair:6)
  2 hydras
  Urug (Lair:1)
  Sonja (Lair:2)
  An unseen horror (D:10)
  2 ugly things (IceCv)
  Maurice (D:10)
  3 ice statues (IceCv)
  A torpor snail (Lair:6)
  Joseph (D:7)
  6 spiny frogs
  3 elephants (Lair:2)
  A centaur skeleton (D:9)
  5 rime drakes
  2 trolls
  Grinder (D:3)
  A tyrant leech (Lair:6)
  4 polar bears (Lair:4)
  3 hornets (Lair:6)
  6 jumping spiders (Lair:2)
  A slime creature (D:8)
  12 blink frogs
  4 hippogriffs
  3 redbacks (Lair:2)
  A spriggan (Lair:1)
  2 wyverns (Lair:4)
  27 yaks
  5 hogs
  4 basilisks
  A human (D:7)
  A hungry ghost (D:10)
  8 vampire mosquitoes
  A soldier ant (D:10)
  9 water moccasins
  8 porcupines
  2 phantoms
  6 ice beasts (IceCv)
  2 sky beasts
  3 orc warriors
  An ogre (D:10)
  2 necrophages
  3 crocodiles
  6 centaurs
  4 big kobolds
  15 bullfrogs
  3 killer bees (D:7)
  14 wights
  4 howler monkeys
  5 crimson imps
  3 bullfrog zombies
  9 jellies
  A quasit (D:8)
  6 hounds
  4 orc priests
  Crazy Yiuf (D:7)
  An iguana (D:7)
  5 orc wizards
  13 worker ants
  A howler monkey skeleton (D:5)
  15 adders
  A river rat (Sewer)
  A shadow imp (D:7)
  An adder zombie (D:5)
  16 oozes
  3 worms
  4 dart slugs
  3 leopard geckos
  27 orcs
  5 bats
  6 giant cockroaches
  8 hobgoblins
  4 jackals (D:2)
  12 kobolds
  3 quokkas
  5 ball pythons
  2 frilled lizards (D:1)
  7 goblins
  A jackal skeleton (D:4)
  A leopard gecko skeleton (D:6)
  17 rats
  2 plants (Lair:6)
393 creatures vanquished.

Vanquished Creatures (collateral kills)
  An orc warrior (D:10)
  2 orcs
  A fungus (Lair:6)
4 creatures vanquished.

Vanquished Creatures (others)
  2 dancing weapons
  A bush (Lair:2)
  9 fungi
  7 plants
19 creatures vanquished.

Grand Total: 416 creatures vanquished

Notes
Turn   | Place    | Note
-------+----------+-------------------------------------------
     0 | D:1      | MrRokkomies the Spriggan Enchanter began the quest for the
                  | Orb.
     0 | D:1      | Reached XP level 1. HP: 9/9 MP: 5/5
   176 | D:1      | Reached XP level 2. HP: 13/13 MP: 6/6
   269 | D:1      | Learned a level 2 spell: Ensorcelled Hibernation
   818 | D:2      | Found a white marble altar of Elyvilon.
  1020 | D:2      | Reached XP level 3. HP: 16/16 MP: 8/8
  1065 | D:2      | Reached skill level 5 in Stealth
  1127 | D:2      | Found an ornate altar of the Wu Jian Council.
  1158 | D:2      | Reached XP level 4. HP: 17/21 MP: 2/9
  1206 | D:2      | Learned a level 3 spell: Confuse
  1903 | D:3      | Found an ancient bone altar of Kikubaaqudgha.
  1912 | D:3      | Became a worshipper of Kikubaaqudgha
  2111 | D:3      | Reached skill level 5 in Hexes
  2360 | D:3      | Found a glowing drain.
  2364 | Sewer    | Entered a sewer
  2404 | Sewer    | Reached XP level 5. HP: 24/24 MP: 10/10
  2476 | Sewer    | Reached skill level 1 in Ice Magic
  2541 | Sewer    | Reached XP level 6. HP: 28/28 MP: 8/11
  2952 | Sewer    | Reached * piety under Kikubaaqudgha
  2952 | Sewer    | Identified Kikubaaqudgha's Volume of Dark Secrets
                  | (Kikubaaqudgha gifted it to you in a sewer)
  2952 | Sewer    | Received a gift from Kikubaaqudgha
  3547 | D:3      | Noticed Grinder
  3646 | D:3      | Killed Grinder
  3646 | D:3      | Reached skill level 5 in Short Blades
  3646 | D:3      | Reached XP level 7. HP: 19/32 MP: 7/12
  4515 | D:4      | Got a polished spear
  4516 | D:4      | Identified the +3 spear of Bodily Harmony {pierce, +Blink
                  | rPois Str-2 Stlth+} (You found it on level 4 of the
                  | Dungeon)
  4716 | D:4      | Learned a level 3 spell: Tukima's Dance
  4718 | D:4      | Learned a level 1 spell: Animate Skeleton
  4796 | D:5      | Entered Level 5 of the Dungeon
  4937 | D:4      | Found a basalt altar of Yredelemnul.
  4938 | D:4      | Found a shimmering altar of Xom.
  5016 | D:4      | Reached skill level 5 in Dodging
  5016 | D:4      | Reached XP level 8. HP: 36/36 MP: 8/13
  5391 | D:5      | HP: 1/36 [hound (4)]
  5518 | D:5      | Reached ** piety under Kikubaaqudgha
  5840 | D:5      | Learned a level 2 spell: Blink
  6026 | D:6      | Found a snail-covered altar of Cheibriados.
  6467 | D:6      | Reached XP level 9. HP: 38/39 MP: 7/14
  6697 | D:7      | Noticed Joseph
  6817 | D:7      | Killed Joseph
  6945 | D:7      | Reached skill level 10 in Hexes
  6950 | D:7      | Learned a level 3 spell: Dazzling Spray
  7013 | D:7      | Found a staircase to the Ecumenical Temple.
  7145 | D:7      | Reached skill level 1 in Slings
  7149 | D:7      | Reached skill level 5 in Spellcasting
  7276 | D:7      | You fall through a shaft!
  7290 | D:7      | Found a runed translucent door.
  7291 | D:7      | Noticed Crazy Yiuf
  7299 | D:7      | Killed Crazy Yiuf
  7552 | D:7      | Reached skill level 1 in Translocations
  7860 | D:7      | Reached skill level 5 in Slings
  7923 | D:7      | Reached XP level 10. HP: 34/44 MP: 6/20
  8231 | D:7      | Learned a level 3 spell: Mephitic Cloud
  8233 | D:7      | Learned a level 1 spell: Pain
  8485 | D:8      | Reached *** piety under Kikubaaqudgha
  8485 | D:8      | Identified Kikubaaqudgha's Papyrus of Evil (Kikubaaqudgha
                  | gifted it to you on level 8 of the Dungeon)
  8485 | D:8      | Received a gift from Kikubaaqudgha
  8572 | D:8      | Reached skill level 5 in Translocations
  8760 | D:8      | Found a staircase to the Lair.
  9304 | D:8      | Reached skill level 1 in Necromancy
  9335 | D:8      | Reached skill level 1 in Fighting
 10156 | D:9      | Reached skill level 10 in Dodging
 10303 | D:9      | Reached **** piety under Kikubaaqudgha
 10638 | D:10     | Entered Level 10 of the Dungeon
 10726 | D:10     | Noticed Maurice
 11179 | D:10     | Noticed an unseen horror
 11185 | D:10     | Killed an unseen horror
 11185 | D:10     | Reached XP level 11. HP: 53/53 MP: 16/21
 11295 | D:10     | Killed Maurice
 11295 | D:10     | Reached skill level 5 in Necromancy
 11369 | D:10     | Reached skill level 1 in Evocations
 11764 | D:10     | Reached skill level 5 in Fighting
 12015 | Lair:1   | Entered Level 1 of the Lair of Beasts
 12300 | Lair:1   | Noticed Urug
 12347 | Lair:1   | Killed Urug
 13180 | Lair:1   | Found a radiant altar of Vehumet.
 13207 | Lair:1   | Noticed an oklob plant
 13207 | Lair:1   | Noticed an oklob plant
 13207 | Lair:1   | Noticed an oklob plant
 13670 | Lair:2   | Found a staircase to the Swamp.
 13691 | Lair:2   | Reached skill level 1 in Poison Magic
 14203 | Lair:2   | Noticed Sonja
 14214 | Lair:2   | Killed Sonja
 14913 | Lair:2   | Found a hole to the Spider Nest.
 14917 | Lair:2   | Reached skill level 5 in Evocations
 14998 | Lair:2   | Reached ***** piety under Kikubaaqudgha
 14998 | Lair:2   | Reached skill level 1 in Shields
 15020 | Lair:2   | Reached XP level 12. HP: 30/61 MP: 17/25
 15022 | Lair:2   | Reached skill level 1 in Air Magic
 15275 | Lair:2   | Learned a level 5 spell: Agony
 15279 | Lair:2   | Learned a level 3 spell: Conjure Flame
 15560 | Lair:2   | Identified a scroll of acquirement
 15561 | Lair:2   | Got a shimmering quick blade
 15562 | Lair:2   | Identified the +8 quick blade of the Brain {flame, rElec
                  | Dex+4} (You acquired it on level 2 of the Lair of Beasts)
 15857 | Lair:3   | Found a runed translucent door.
 15857 | Lair:3   | Noticed a five-headed hydra
 15857 | Lair:3   | Noticed Miwiyf's ghost (journeyman DDFi)
 16160 | Lair:3   | Noticed a six-headed hydra
 16170 | Lair:3   | Killed a six-headed hydra
 18025 | Lair:5   | Noticed a six-headed hydra
 18041 | Lair:5   | Killed a six-headed hydra
 18041 | Lair:5   | Reached skill level 5 in Shields
 18168 | Lair:5   | Reached skill level 10 in Evocations
 18571 | Lair:6   | Entered Level 6 of the Lair of Beasts
 18628 | Lair:6   | Found a staircase to the Slime Pits.
 18628 | Lair:6   | Noticed Kirke
 18633 | Lair:6   | Found a frozen archway.
 18655 | Lair:6   | Killed Kirke
 18655 | Lair:6   | Reached XP level 13. HP: 13/65 MP: 4/26
 18812 | IceCv    | Entered an ice cave
 19975 | Lair:6   | Noticed Rupert
 20066 | Lair:6   | Killed Rupert
 21157 | Lair:6   | Found a runed translucent door.
 21296 | Lair:6   | HP: 2/65 [lindwurm (19)]
 21296 | Lair:6   | Mangled by a lindwurm

Levels and vault maps discovered:
D:1:      eino_arrival_cavern_a, layout_loops_ring, minmay_misc_feat_roman
D:2:      layout_basic, lemuel_crystal_altar, elyvilon_altar_5
D:3:      layout_loops_corners, kiku_gazebo_pond_becter, gup_sewer_entry_spiral,
          first_ration, uniq_grinder
D:4:      layout_gridville, gammafunk_temple_overflow_pools
D:5:      layout_loops_ring
D:6:      layout_cave_pools, basic_altar
D:7:      layout_loops_corners, minmay_temple_entry_poolview, grunt_livestock,
          chequers_serial_rivers_micro_d, uniq_joseph, uniq_crazy_yiuf_cottage
D:8:      lemuel_slime, layout_loops_corners, grunt_lair_entry_orc_guard_hut,
          minmay_hedge_maze
D:9:      layout_gridville
D:10:     layout_basic, uniq_maurice
Lair:1:   layout_regular_city, basic_altar, grunt_forest_large_clearing_hut,
          serial_bayou_shore_b, minmay_lair_oklob_chamber, uniq_urug
Lair:2:   layout_regular_city, minmay_swamp_entry_swarm,
          nicolae_spider_entry_tight_spaces, infiniplex_staircase_pool_2,
          serial_bayou_shore_a, uniq_sonja
Lair:3:   layout_cave_pods, ebering_ghost_inner_flame
Lair:4:   layout_roguey, chequers_serial_rivers_large_b, beast_lair_carwin_8
Lair:5:   layout_roguey
Lair:6:   wormcave, layout_cave_pods, slime_dummy,
          portal_ice_cave_entry_pillars_2, grunt_forest_small_clearings,
          patterned_corridor, uniq_rupert, uniq_kirke
Sewer:    sewer_co_tree
IceCv:    ice_cave_statue_garden_chambered

Skill      XL: |  1  2  3  4  5  6  7  8  9 10 11 12 13 |
---------------+----------------------------------------+-----
Hexes          | 4 5 7 9 10 | 10.0
Short Blades   | 2 3 4 5 6 8 |  8.4
Stealth        | 5 |  5.2
Ice Magic      | 1 2 |  2.1
Dodging        | 5 7 8 10 | 10.0
Spellcasting   | 6 8 |  8.3
Slings         | 5 6 |  6.0
Translocations | 3 5 |  5.1
Necromancy     | 4 6 8 |  8.0
Fighting       | 4 6 |  6.1
Evocations     | 5 10 | 10.5
Poison Magic   | 3 |  3.0
Shields        | 1 5 6 |  6.3
Air Magic      | 3 |  3.7

Action                   |  1- 3 |  4- 6 |  7- 9 | 10-12 | 13-15 || total
-------------------------+-------+-------+-------+-------+-------++-------
Melee: Dagger            |   133 |   219 |    96 |       |       ||   448
       Rapier            |       |       |   242 |   367 |       ||   609
       Short sword       |       |       |       |   207 |       ||   207
       Quick blade       |       |       |       |   192 |   297 ||   489
 Fire: Blowgun           |       |       |       |     5 |     5 ||    10
       Fustibalus        |       |       |       |     4 |       ||     4
 Cast: Ensorcelled Hiber |     5 |    44 |    79 |   134 |    15 ||   277
       Confuse           |       |     6 |    28 |    55 |     9 ||    98
       Tukima's Dance    |       |       |       |     6 |       ||     6
       Blink             |       |       |       |     3 |       ||     3
       Agony             |       |       |       |     4 |       ||     4
 Abil: Evoke Invisibilit |       |       |       |     1 |     2 ||     3
Evoke: Wand              |       |       |       |     3 |    43 ||    46
       Phantom mirror    |       |       |       |       |     1 ||     1
  Use: Scroll            |     4 |     2 |     8 |     9 |     1 ||    24
       Potion            |       |       |     4 |     3 |     1 ||     8
 Stab: Sleeping          |    14 |    34 |    49 |    94 |     8 ||   199
       Confused          |       |     2 |    18 |    45 |     4 ||    69
       Distracted        |       |       |     1 |     1 |     1 ||     3
       Invisible         |       |       |       |     3 |     2 ||     5
  Eat: Ration            |       |     2 |     5 |     7 |     2 ||    16
Armor: Robe              |    17 |    17 |    22 |    39 |     6 ||   101
Dodge: Dodged            |    81 |   141 |   262 |   671 |    90 ||  1245
Block: Buckler           |       |       |       |    93 |    36 ||   129

Table legend:
 A = Non-vault XP
 B = Vault XP
 C = Vault XP percentage of total XP
 D = Non-vault monster count
 E = Vault monster count
 F = Vault count percentage of total count
                 A         B        C        D         E       F
            +---------+---------+-------+---------+---------+-------
      Total |   28179 |   21726 |  43.5 |     274 |     120 |  30.5
            +---------+---------+-------+---------+---------+-------
        D:1 |      30 |       0 |   0.0 |      18 |       0 |   0.0
        D:2 |     114 |       0 |   0.0 |      28 |       0 |   0.0
        D:3 |     172 |     321 |  65.1 |      19 |       9 |  32.1
        D:4 |     513 |       0 |   0.0 |      15 |       0 |   0.0
        D:5 |     708 |       0 |   0.0 |      18 |       0 |   0.0
        D:6 |     607 |       0 |   0.0 |      14 |       0 |   0.0
        D:7 |    1622 |    1448 |  47.2 |      25 |       7 |  21.9
        D:8 |     712 |    1326 |  65.1 |      10 |      24 |  70.6
        D:9 |    1678 |       0 |   0.0 |      21 |       0 |   0.0
       D:10 |    3505 |     485 |  12.2 |      33 |       1 |   2.9
     Lair:1 |     780 |    1752 |  69.2 |       6 |       7 |  53.8
     Lair:2 |    3148 |    4091 |  56.5 |      12 |      15 |  55.6
     Lair:3 |    2487 |       0 |   0.0 |      10 |       0 |   0.0
     Lair:4 |    5720 |    1994 |  25.8 |      22 |       9 |  29.0
     Lair:5 |    3950 |       0 |   0.0 |      13 |       0 |   0.0
     Lair:6 |    2433 |    6614 |  73.1 |      10 |       9 |  47.4
      Sewer |       0 |     408 | 100.0 |       0 |      28 | 100.0
      IceCv |       0 |    3287 | 100.0 |       0 |      11 | 100.0
            +---------+---------+-------+---------+---------+-------
